 Seeded DCSS version 0.30-a0-141-g30f27751c5 (webtiles) character file.

Game seed: 20220925 (custom seed)

50248 a11behringer the Spear-Bearer (level 14, -5/186 HPs)
             Began as a Green Draconian Berserker on Sept 25, 2022.
             Was a High Priest of Trog.
             Slain by a skeletal warrior
             ... wielding a +0 dire flail
              (19 damage)
             ... on level 12 of the Dungeon.
             The game lasted 00:45:29 (15345 turns).

a11behringer the Spear-Bearer (DrBe)               Turns: 15345, Time: 00:45:30

Health: -5/186     AC: 15    Str: 24    XL:     14   Next: 19%
Magic:  14/14      EV: 15    Int:  9    God:    Trog [*****.]
Gold:   829        SH:  0    Dex: 11    Spells: 13/13 levels left

rFire   . . .      SeeInvis .    h - +5 trident of the Arcadian God {vorpal, Fly rC+ Int-5}
rCold   + . .      Faith    .    (no shield)
rNeg    . . .      Spirit   .    (body armour unavailable)
rPois   +          Reflect  .    (helmet restricted)
rElec   .          Harm     .    r - +2 cloak
rCorr   +          Rampage  .    o - +1 pair of gloves
Will    ++++.                    y - +1 pair of boots {Stlth+}
Stlth   ..........               (no amulet)
HPRegen 1.41/turn                C - ring "Ruyptuk" {Will+ rCorr}
MPRegen 0.14/turn                m - +6 ring of intelligence

@: berserking (expiring), lethally poisoned (-5 -> -9), strong-willed, flying,
regenerating, slowed
A: breathe noxious fumes, AC +8, unfitting armour, stinger 1, poison resistance,
cold-blooded
a: Breathe Noxious Fumes, Renounce Religion, Berserk, Trog's Hand, Brothers in
Arms


You were on level 12 of the Dungeon.
You worshipped Trog.
Trog was extremely pleased with you.
You visited 2 branches of the dungeon, and saw 13 of its levels.
You also visited: Bailey.

You collected 909 gold pieces.
You spent 80 gold pieces at shops.

Inventory:

Hand Weapons
 h - the +5 trident of the Arcadian God (weapon) {vorpal, Fly rC+ Int-5}
   (You took it off a deep elf pyromancer on level 10 of the Dungeon)

   It inflicts extra damage upon your enemies.
   Int:       It affects your intelligence (-5).
   rC:        It protects you from cold.
   Fly:       It grants you flight.
 j - a +1 glaive of distortion
 q - the +3 trident of the Cursing Fulmar {vorpal, rPois rC- rCorr Dex+5}
   (You found it on level 10 of the Dungeon)

   It inflicts extra damage upon your enemies.
   Dex:       It affects your dexterity (+5).
   rC:        It makes you vulnerable to cold.
   rPois:     It protects you from poison.
   rCorr:     It protects you from acid and corrosion.
 s - a +4 quarterstaff of chaos
 u - a +1 shortbow of flaming
 D - a +1 halberd of flaming
Missiles
 b - 13 atropa-tipped darts (quivered)
 g - 13 poisoned darts
 E - a throwing net
Armour
 o - a +1 pair of gloves (worn)
 r - a +2 cloak (worn)
 y - a +1 pair of boots of stealth (worn)
Jewellery
 c - a ring of protection from fire
 i - an amulet of guardian spirit
 m - a +6 ring of intelligence (right hand)
 C - the ring "Ruyptuk" (left hand) {Will+ rCorr}
   (You found it on level 6 of the Dungeon)

   [ring of willpower]

   rCorr:     It protects you from acid and corrosion.
   Will:      It increases your willpower.
 H - a ring of ice
 M - a ring of ice
Wands
 k - a wand of flame (24)
 v - a wand of iceblast (3)
 I - a wand of paralysis (18)
 J - a wand of polymorph (6)
 O - a wand of mindburst (6)
Scrolls
 a - 2 scrolls of silence
 e - 3 scrolls of magic mapping
 x - a scroll of identify
 G - 4 scrolls of teleportation
 K - 2 scrolls of poison
 L - 3 scrolls of fog
 N - 2 scrolls of fear
 Q - a scroll of brand weapon
 R - a scroll of noise {unknown}
 S - a scroll of blinking
Potions
 d - a potion of cancellation
 f - 2 potions of flight
 n - a potion of magic
 p - 2 potions of invisibility
 t - 2 potions of might
 w - 3 potions of curing
 z - 2 potions of resistance
 A - 3 potions of lignification
 B - 2 potions of attraction
 F - 2 potions of mutation
Miscellaneous
 l - a piece from Xom's chessboard (15/15)


   Skills:
 + Level 11.5 Fighting
 * Level 14.5 Polearms
 - Level 5.0 Ranged Weapons
 + Level 9.7 Dodging
 + Level 5.9 Stealth
 + Level 7.0 Evocations


You had 13 spell levels left.
You didn't know any spells.
Your spell library was empty.

Dungeon Overview and Level Annotations

Branches:
Dungeon (12/15)            Temple (1/1) D:4            Lair (0/5) D:9
    Orc (0/2) D:10         Bailey (visited)

Altars:
Ashenzari
Cheibriados
Dithmenos
Elyvilon
Fedhas
Hepliaklqana
Kikubaaqudgha
Makhleb
Nemelex Xobeh
Okawaru
Qazlal
Ru
Sif Muna
Trog
Uskayaw
Vehumet
Wu Jian
Xom
Yredelemnul
Zin
The Shining One

Shops:
D:2 (   D:7 [?*:

Annotations:
D:12 1 transporter, Deunydua's ghost, journeyman HOFi


Innate Abilities, Weirdness & Mutations

You can breathe blasts of noxious fumes.
Your lurid green scales are hard. (AC +8)
You cannot fit into any form of body armour.
Your tail ends in a venomous barb.
Your system is resistant to poisons. (rPois)
You are cold-blooded and may be slowed by cold attacks.


Message History

You puncture something!
You feel very sick.
The vampire mosquito bites you but does no damage.
The vampire mosquito closely misses you.
You hit something.
Your tail-slap misses something.
You feel very sick.
The vampire mosquito bites you but does no damage.
The vampire mosquito completely misses you.
The death knight closely misses you.
The skeletal warrior hits you with a +0 dire flail!
* * * LOW HITPOINT WARNING * * *
Deunydua's ghost barely misses you. Something hits you but does no damage.
The vampire mosquito bites you.
* * * LOW HITPOINT WARNING * * *
The vampire mosquito draws strength from your injuries!
You closely miss something.
You feel very sick. The vampire mosquito bites you.
* * * LOW HITPOINT WARNING * * *
The vampire mosquito draws strength from your injuries!
The vampire mosquito bites you but does no damage.
You closely miss something.
You feel very sick.
The vampire mosquito bites you but does no damage.
The skeletal warrior hits you with a +0 dire flail.
* * * LOW HITPOINT WARNING * * *
The death knight closely misses you.
Deunydua's ghost hits you but does no damage.
Something hits you but does no damage.
The vampire mosquito completely misses you.
You puncture something!
You feel sick. The vampire mosquito barely misses you.
The vampire mosquito bites you.
* * * LOW HITPOINT WARNING * * *
The vampire mosquito draws strength from your injuries!
The vampire mosquito barely misses you. Something hits you!
* * * LOW HITPOINT WARNING * * *
Something drains your vigour!
You feel as though you will be slow longer.
The skeletal warrior hits you with a +0 dire flail!!
You die...

#..#.................#
#####..#.................#
..........#############..#
####..##..#..........©#..#
#..##..#...........#..#
#..##..#..###.###p.#).#
#..##..#..#8#.#8#.(#..#
#..##..#....p.WZ..(#..#
####..#..©#....{@zy..[#©.#
..........#.....yyZ..$#..#
########..#..#8#.#8#.$#..#
#..#..###.###..#..#
#..#...........#..#
#..#...........#..#
#..#############..#
#.................#
#.................#


You could see a death knight, a skeletal warrior, a spectral centaur warrior, 3
vampire mosquitoes, Deunydua's ghost and a centaur warrior simulacrum.

Vanquished Creatures
  A hydra (D:10)
  A death knight (D:10)
  4 two-headed ogres
  A tengu warrior (D:10)
  A wizard (D:10)
  A deep elf pyromancer (D:10)
  An orc knight (Bailey)
  2 cyclopes
  Maggie (D:7)
  A kobold demonologist (D:12)
  A freezing wraith (D:10)
  2 trolls
  2 queen bees (shapeshifter)
  2 hornets (D:7)
  3 shadows
  A wyvern (D:10)
  2 vampires (D:11)
  4 wraiths
  13 yaks
  2 steam dragons
  2 vampire mosquitoes (D:12)
  An acid dragon (D:11)
  3 water moccasins
  15 orc warriors
  A black bear (D:5)
  2 ice beasts
  2 ogres
  4 centaurs
  2 kobold brigands
  A gnoll sergeant (D:10)
  A necrophage (D:4)
  2 bullfrogs
  3 scorpions
  3 wights (D:8)
  9 killer bees
  5 howler monkeys
  3 electric eels (D:8)
  A crimson imp (D:6)
  6 hounds
  5 jellies
  4 orc priests
  2 gnoll boudas
  Crazy Yiuf (D:3)
  Natasha (thrice) (D:4)
  8 iguanas
  12 orc wizards
  21 gnolls
  8 adders
  A shadow imp (D:6)
  A white imp (D:7)
  4 dart slugs
  A worm (D:3)
  49 orcs
  2 ball pythons (D:1)
  4 bats
  7 endoplasms
  7 giant cockroaches
  7 goblins
  13 hobgoblins
  10 jackals
  19 kobolds
  3 quokkas
  4 frilled lizards
  5 rats
313 creatures vanquished.

Vanquished Creatures (others)
  8 plants (D:8)
8 creatures vanquished.

Grand Total: 321 creatures vanquished

Notes
Turn   | Place    | Note
-------+----------+-------------------------------------------
     0 | D:1      | a11behringer the Draconian Berserker began the quest for
                  | the Orb.
     0 | D:1      | Reached XP level 1. HP: 19/19 MP: 1/1
   310 | D:1      | Reached XP level 2. HP: 26/26 MP: 2/2
   882 | D:1      | Reached XP level 3. HP: 33/33 MP: 3/3
   918 | D:1      | Reached ** piety under Trog
  1269 | D:2      | Found a faded altar of an unknown god.
  1291 | D:2      | Found Iceqin's Weapon Emporium.
  1311 | D:2      | Noticed an ogre
  1321 | D:2      | Killed an ogre
  1322 | D:2      | Reached skill level 4 in Polearms
  1322 | D:2      | Reached XP level 4. HP: 28/40 MP: 4/4
  1821 | D:2      | Reached XP level 5. HP: 46/46 MP: 5/5
  2583 | D:3      | Found a runed translucent door.
  2584 | D:3      | Noticed Crazy Yiuf
  2592 | D:3      | Killed Crazy Yiuf
  2708 | D:4      | Found a staircase to the Ecumenical Temple.
  2736 | Temple   | Entered the Ecumenical Temple
  2855 | D:4      | Reached skill level 5 in Polearms
  3335 | D:4      | Reached XP level 6. HP: 47/53 MP: 6/6
  3521 | D:4      | Reached skill level 5 in Fighting
  3628 | D:4      | Noticed Natasha
  3638 | D:4      | Killed Natasha
  3691 | D:4      | Found a hazy altar of Hepliaklqana.
  3701 | D:4      | Noticed an ice beast
  3713 | D:4      | Killed an ice beast
  3714 | D:4      | Reached skill level 6 in Polearms
  3714 | D:4      | Your scales start taking on a lurid green colour.
  3714 | D:4      | Reached XP level 7. HP: 61/61 MP: 7/7
  3714 | D:4      | Gained mutation: Your system is resistant to poisons.
                  | (rPois) [Green Draconian growth]
  3738 | D:4      | Noticed Natasha
  3749 | D:4      | Killed Natasha
  4055 | D:4      | Noticed Natasha
  4062 | D:4      | Killed Natasha
  4086 | D:5      | Entered Level 5 of the Dungeon
  4689 | D:5      | Reached *** piety under Trog
  4742 | D:5      | Reached skill level 7 in Polearms
  4919 | D:5      | Found a sacrificial altar of Ru.
  5003 | D:5      | Reached XP level 8. HP: 47/70 MP: 8/8
  5123 | D:5      | Found a shadowy altar of Dithmenos.
  5246 | D:5      | Reached skill level 5 in Dodging
  5566 | D:5      | Found a stormy altar of Qazlal.
  5568 | D:5      | Noticed an air elemental
  5931 | D:6      | Found a blossoming altar of Fedhas.
  5931 | D:6      | Found a transporter.
  5933 | D:6      | Noticed a two-headed ogre
  5955 | D:6      | Found a transporter.
  5970 | D:6      | Identified the ring "Ruyptuk" {Will+ rCorr}
  6352 | D:6      | Reached skill level 8 in Polearms
  6452 | D:6      | Found a burning altar of Makhleb.
  6452 | D:6      | Found a radiant altar of Vehumet.
  6813 | D:6      | Killed a two-headed ogre
  6814 | D:6      | Reached skill level 9 in Polearms
  6814 | D:6      | Reached XP level 9. HP: 79/79 MP: 9/9
  6874 | D:7      | Found Laruulug's Magic Scroll Boutique.
  6882 | D:7      | Bought a scroll of identify for 20 gold pieces
  6882 | D:7      | Bought a scroll of identify for 20 gold pieces
  6882 | D:7      | Bought a scroll of identify for 20 gold pieces
  6882 | D:7      | Bought a scroll of identify for 20 gold pieces
  6907 | D:7      | Found Soasefar's Armour Emporium.
  7061 | D:7      | Found a flagged portal.
  7092 | Bailey   | Entered a bailey
  7291 | Bailey   | Reached skill level 10 in Polearms
  7589 | Bailey   | Noticed an orc knight
  7597 | Bailey   | Killed an orc knight
  7833 | D:7      | Reached XP level 10. HP: 82/90 MP: 10/10
  7931 | D:7      | Found Coull's Book Shop.
  8205 | D:7      | Reached skill level 1 in Evocations
  8428 | D:7      | Noticed Maggie
  8442 | D:7      | Killed Maggie
  8443 | D:7      | Reached skill level 1 in Ranged Weapons
  8443 | D:7      | Reached skill level 1 in Stealth
  8443 | D:7      | Found Ugawkako's General Store.
  8790 | D:8      | Noticed a two-headed ogre
  8795 | D:8      | Killed a two-headed ogre
  8798 | D:8      | Reached skill level 11 in Polearms
  8845 | D:8      | Reached **** piety under Trog
  9871 | D:9      | Found a staircase to the Lair.
  9894 | D:9      | Found a glowing silver altar of Zin.
 10190 | D:9      | Noticed a two-headed ogre
 10204 | D:9      | Killed a two-headed ogre
 10308 | D:9      | Found a broken altar of Ashenzari.
 10337 | D:9      | Reached XP level 11. HP: 92/97 MP: 11/11
 10356 | D:9      | Found an ancient bone altar of Kikubaaqudgha.
 11115 | D:9      | Found a sparkling altar of Nemelex Xobeh.
 11164 | D:10     | Entered Level 10 of the Dungeon
 11549 | D:10     | Reached skill level 12 in Polearms
 11871 | D:10     | HP: 3/99 [orc warrior/+0 glaive (9)]
 11889 | D:10     | Reached ***** piety under Trog
 12257 | D:10     | Noticed a death knight
 12288 | D:10     | Found a shimmering altar of Xom.
 12355 | D:10     | Identified the +5 trident of the Arcadian God {vorpal, Fly
                  | rC+ Int-5}
 12355 | D:10     | Noticed a deep elf pyromancer
 12690 | D:10     | Killed a deep elf pyromancer
 13009 | D:10     | Killed a death knight
 13044 | D:10     | Noticed a wizard
 13203 | D:10     | Killed a wizard
 13279 | D:10     | Reached skill level 10 in Fighting
 13437 | D:10     | Noticed a tengu warrior
 13438 | D:10     | Noticed a six-headed hydra
 13451 | D:10     | Killed a tengu warrior
 13455 | D:10     | Killed a six-headed hydra
 13494 | D:10     | Identified the +3 trident of the Cursing Fulmar {vorpal,
                  | rPois rC- rCorr Dex+5}
 13607 | D:10     | Reached skill level 5 in Evocations
 13628 | D:10     | Found a staircase to the Orcish Mines.
 14183 | D:11     | Reached XP level 12. HP: 88/107 MP: 12/12
 14909 | D:12     | Reached skill level 13 in Polearms
 14991 | D:12     | Noticed a two-headed ogre
 15002 | D:12     | Killed a two-headed ogre
 15188 | D:12     | Noticed a death knight
 15194 | D:12     | Found a transporter.
 15219 | D:12     | Reached skill level 5 in Ranged Weapons
 15229 | D:12     | Reached skill level 5 in Stealth
 15229 | D:12     | Reached XP level 13. HP: 112/116 MP: 13/13
 15230 | D:12     | Reached skill level 14 in Polearms
 15230 | D:12     | Gained mutation: Your tail ends in a venomous barb. [Green
                  | Draconian growth]
 15230 | D:12     | Reached XP level 14. HP: 120/124 MP: 14/14
 15249 | D:12     | Found a transporter.
 15252 | D:12     | Noticed Deunydua's ghost (journeyman HOFi)
 15345 | D:12     | Slain by a skeletal warrior

Illustrated notes

Levels and vault maps discovered:
D:1:      dpeg_arrival_three_bigger_balls, layout_basic
D:2:      layout_basic, serial_shops, shop, dreamdust_ecumenical_altar_statues,
          minmay_heptomino_d4
D:3:      layout_rooms, chequers_mini_garden, uniq_crazy_yiuf_cottage
D:4:      layout_basic, mainiacjoe_overflow_24_doors, temple_statues,
          uniq_natasha
D:5:      layout_basic, lemuel_round_altar, nicolae_qazlal_style_of_elements,
          mainiacjoe_overflow_chevrons
D:6:      layout_basic, grunt_temple_overflow_lords_of_destruction,
          gammafunk_temple_overflow_arena, st_stairs_7,
          chequers_serial_rivers_large_b
D:7:      layout_gridville, enter_bailey_5, serial_shops, nicolae_square_shop,
          shop, nicolae_shop_stone, nicolae_shop_hallway_stairs, uniq_maggie
D:8:      layout_cave_pods, grunt_decor_resistance, chequers_big_river
D:9:      layout_irregular_city, nicolae_ashenzari_panopticon,
          mainiacjoe_overflow_six_doors_small, lemuel_crystal_altar,
          nemelex_altar_shiori
D:10:     minmay_the_grid_triangle_9x9_recursive_2_mashed
          [minmay_the_grid_triangle_9x9_prize_insulated,
          minmay_the_grid_triangle_9x9_windchime,
          minmay_the_grid_triangle_9x9_sprig,
          minmay_the_grid_triangle_9x9_longest], layout_cave_pools,
          dk_xom_monty_hall, david_orc_4
D:11:     layout_loops_ring, minmay_tree_intersection
D:12:     layout_long_grid, gammafunk_ghost_mausoleum
Temple:   nicolae_temple_bog_church

Skill      XL: |  1  2  3  4  5  6  7  8  9 10 11 12 13 |
---------------+----------------------------------------+-----
Dodging        | 3 4 6 7 8 9 |  9.7
Fighting       | 4 5 6 7 8 9 10 11 | 11.5
Polearms       | 4 5 6 7 9 10 11 12 13 14 | 14.5
Evocations     | 3 5 6 7 |  7.0
Ranged Weapons | 3 4 5 |  5.0
Stealth        | 3 4 5 |  5.9

Action                   |  1- 3 |  4- 6 |  7- 9 | 10-12 | 13-15 || total
-------------------------+-------+-------+-------+-------+-------++-------
Melee: Spear             |    90 |   264 |   172 |       |       ||   526
       Tailslap          |     7 |    22 |    37 |    96 |       ||   162
       Punch             |       |       |     3 |     1 |       ||     4
       Trident           |       |       |    51 |   180 |    19 ||   250
       Halberd           |       |       |   137 |   440 |       ||   577
Invok: Berserk           |     1 |     3 |     4 |     6 |     1 ||    15
       Trog's Hand       |       |     2 |     2 |     2 |     1 ||     7
 Abil: Breathe Noxious F |       |       |     5 |     4 |       ||     9
  Use: Scroll            |       |       |    19 |     7 |       ||    26
       Potion            |       |       |       |     2 |     1 ||     3
 Stab: Sleeping          |     2 |       |     5 |    12 |       ||    19
       Confused          |       |       |       |     4 |       ||     4
       Distracted        |       |       |       |     2 |       ||     2
Armor: Skin              |     6 |    83 |   120 |   337 |    14 ||   560
Dodge: Dodged            |    35 |   112 |   192 |   471 |    24 ||   834

Table legend: (Time is in decaauts)
 A = Elapsed time spent in this place.
 B = Non-inter-level travel time spent in this place.
 C = Inter-level travel time spent in this place.
 D = Time resting spent in this place.
 E = Time spent auto-exploring this place.
 F = Levels seen in this place.
 G = Mean time per level.
                   A        B        C        D        E       F      G
               +--------+--------+--------+--------+--------+-----+--------+
         Total |  15372 |  14646 |    726 |      0 |  12366 |  14 | 1098.0 |
       Dungeon |  14556 |  13901 |    655 |      0 |  11848 |  12 | 1213.0 |
        Temple |     72 |      2 |     70 |      0 |      0 |   1 |   72.0 |
        Bailey |    743 |    743 |      0 |      0 |    518 |   1 |  743.0 |
               +--------+--------+--------+--------+--------+-----+--------+

Top non-repeatable levels by time:
    D:10: 2096 daAuts
     D:5: 1713 daAuts
     D:9: 1571 daAuts
     D:4: 1391 daAuts
    D:11: 1341 daAuts
     D:1: 1246 daAuts
     D:8: 1206 daAuts
     D:7: 1079 daAuts
     D:6: 1036 daAuts
     D:2: 905 daAuts
  Bailey: 743 daAuts
     D:3: 545 daAuts
    D:12: 423 daAuts
  Temple: 72 daAuts
